 Dungeon Crawl Stone Soup version 0.30.1-11-g7821555f0a (webtiles) character file.

Game seed: 6921262720561341182

51226 HOAXBANE the Warrior (level 14, -10/135 HPs)
             Began as a Minotaur Monk on Nov 28, 2023.
             Was a High Priest of Makhleb.
             Mangled by a cyan ugly thing (13 damage)
             ... on level 14 of the Dungeon.
             The game lasted 01:43:48 (18543 turns).

HOAXBANE the Warrior (Minotaur Monk)               Turns: 18543, Time: 01:43:48

Health: -10/135    AC: 22    Str: 26    XL:     14   Next: 22%
Magic:  21/21      EV: 15    Int:  7    God:    Makhleb [*****.]
Gold:   692        SH: 12    Dex: 19    Spells: 13/13 levels left

rFire   . .          .
                       - Unarmed
rCold   . . .        Y - +0 kite shield
rNeg    . . .        P - +4 chain mail "Zaivvouf" {Str+5}
rPois   .            h - +0 hat
rElec   .            f - +0 cloak
rCorr   .            Q - +0 pair of gloves
SInv    +            Z - +2 pair of boots
Will    +....        J - amulet of faith Stlth
                     G - ring of see invisible
HPRegen 0.42/turn    X - +6 ring of dexterity
MPRegen 0.17/turn

%: faith
@: marked
A: horns 2, retaliatory headbutt
a: Renounce Religion, Minor Destruction, Lesser Servant of Makhleb, Major
Destruction, Greater Servant of Makhleb


You were on level 14 of the Dungeon.
You worshipped Makhleb.
Makhleb was extremely pleased with you.
You visited 2 branches of the dungeon, and saw 17 of its levels.
You also visited: Ossuary.

You collected 1196 gold pieces.
You spent 504 gold pieces at shops.

Inventory:

Missiles
 E - 65 poisoned darts (quivered)
 N - 4 curare-tipped darts
Armour
 f - a +0 cloak (worn)
 h - a +0 hat (worn)
 j - a +4 scale mail of poison resistance
 q - the +5 ring mail of Eternal Vigilance {rN+}
   (You found it on level 3 of the Dungeon)

   rN:        It protects you from negative energy.
 D - a +2 robe of cold resistance
 P - the +4 chain mail "Zaivvouf" (worn) {Str+5}
   (You found it on level 7 of the Dungeon)

   Str:       It affects your strength (+5).
 Q - a +0 pair of gloves (worn)
 Y - a +0 kite shield (worn)
 Z - a +2 pair of boots (worn)
Jewellery
 A - a ring of fire
 G - a ring of see invisible (left hand)
 J - an amulet of faith (around neck)
 U - a ring of flight
 X - a +6 ring of dexterity (right hand)
Wands
 e - a wand of mindburst (7)
 C - a wand of flame (43)
 L - a wand of charming (22)
 S - a wand of light (14)
 T - a wand of digging (7)
Scrolls
 c - a scroll of acquirement {unknown}
 k - 7 scrolls of magic mapping
 m - 3 scrolls of fog
 o - 2 scrolls of silence
 s - 2 scrolls of vulnerability
 t - a scroll of poison {unknown}
 y - 3 scrolls of enchant weapon
 F - a scroll of enchant armour {unknown}
 I - 4 scrolls of teleportation
 K - 2 scrolls of summoning {unknown}
 M - 3 scrolls of fear
 V - 2 scrolls of brand weapon {unknown}
Potions
 a - 3 potions of cancellation
 b - a potion of ambrosia
 d - 4 potions of might
 g - 3 potions of heal wounds
 i - 11 potions of lignification
 n - 4 potions of haste
 p - 16 potions of curing
 r - 5 potions of attraction
 u - 2 potions of invisibility
 v - 2 potions of resistance
 w - 2 potions of berserk rage
 z - 2 potions of mutation
Miscellaneous
 x - a piece from Xom's chessboard (15/15)
 W - a condenser vane


   Skills:
 - Level 15.0 Fighting
 - Level 10.1 Armour
 - Level 12.0 Dodging
 - Level 9.0 Shields
 - Level 13.0 Unarmed Combat
 + Level 11.3 Invocations


You had 13 spell levels left.
You didn't know any spells.
Your spell library contained the following spells:

 Spells                   Type           Power      Damage    Failure   Level
 Foxfire                  Conj/Fire      0%         2x1d4     97%         1
 Necrotise                Necr           0%         1d4       97%         1
 Blink                    Tloc           0%         N/A       99%         2
 Lesser Beckoning         Tloc           0%         N/A       99%         2
 Momentum Strike          Conj/Tloc      0%         3d8       99%         2
 Portal Projectile        Hex/Tloc       0%         N/A       100%        3
 Tukima's Dance           Hex            0%         N/A       100%        3
 Vampiric Draining        Necr           0%         2d6       100%        3
 Cause Fear               Hex            0%         N/A       100%        4
 Manifold Assault         Tloc           0%         N/A       100%        4
 Agony                    Necr           0%         N/A       100%        5
 Blade Hands              Tmut           0%         N/A       100%        5
 Fireball                 Conj/Fire      0%         3d3       100%        5
 Iskenderun's Battlesphe  Conj           0%         2d6       100%        5
 Summon Forest            Summ/Tloc      0%         N/A       100%        5
 Conjure Ball Lightning   Conj/Air       0%         3x3d6     100%        6
 Dispersal                Tloc           0%         N/A       100%        6
 Eringya's Noxious Bog    Tmut/Pois      0%         N/A       100%        6
 Plasma Beam              Fire/Air       0%         2x1d11    100%        6
 Starburst                Conj/Fire      0%         6d3       100%        6
 Dragon Form              Tmut           0%         N/A       100%        7
 Orb of Destruction       Conj           0%         9d5       100%        7
 Summon Hydra             Summ           0%         N/A       100%        7
 Disjunction              Tloc           0%         N/A       100%        8
 Dragon's Call            Summ           0%         N/A       100%        9


Dungeon Overview and Level Annotations

Branches:
Dungeon (14/15)            Temple (0/1) D:7            Lair (3/5) D:8
  Swamp (0/4) Lair:2       Spider (0/4) Lair:2          Orc (0/2) D:11
 Vaults (0/5) D:13        Ossuary (visited)

Altars:
Dithmenos
Elyvilon
Fedhas
Gozag
Hepliaklqana
Makhleb
Okawaru
Qazlal
Ru
Sif Muna
Xom

Shops:
D:3 !   D:8 *   D:11 [   D:12 *

Annotations:
D:11 4 runed translucent doors


Innate Abilities, Weirdness & Mutations

You have a pair of horns on your head.
You reflexively headbutt those who attack you in melee.


Message History

You resist with almost no effort. The meliai hits you but does no damage.
You block the meliai's attack. x2; The meliai misses you.
Unknown command.
Unknown command.
You are confused.
You feel invigorated. The meliai hits you but does no damage.
The meliai stings you but does no damage.
The meliai zaps a wand.
The bolt of light misses you.
The cyan ugly thing tentacle-slaps you but does no damage.
The tengu conjurer mumbles some strange words.
The tengu conjurer blinks!
The meliai closely misses you.
The meliai stings you but does no damage.
The meliai hits you but does no damage. The meliai closely misses you.
You bump into the rock wall.
Your surroundings suddenly seem different.
The meliai calls down the wrath of its god upon you.
Something smites you!
The centaur warrior shoots an arrow.
The arrow hits you!
You feel better.
You feel less invigorated.
The centaur warrior unwields a +0 shortbow.
You block the centaur warrior's attack. The centaur warrior kicks you.
The wizard casts a spell.
The wizard blinks!
The meliai mumbles some strange prayers to its god against you.
Something smites you!
Blink to where?
Press: ? - help, Dir - move target
As you read the scroll of blinking, it crumbles to dust.
The purple ugly thing basks in the mutagenic energy from its kin and changes! x2
You block the cyan ugly thing's attack.
The centaur warrior shoots an arrow.
The arrow hits you!
* * * LOW HITPOINT WARNING * * *
The meliai mumbles some strange prayers to its god against you.
Something smites you!
* * * LOW HITPOINT WARNING * * *
The centaur warrior shoots an arrow.
The arrow hits you!
* * * LOW HITPOINT WARNING * * *
The cyan ugly thing trunk-slaps you!
* * * LOW HITPOINT WARNING * * *
The cyan ugly thing shocks you!
You die...

#...# #...... #...####
###....... #......##
##......... #.......####
####..........
#...##.....####c..§..# ....
########.#...u..#..#.####..#
##<..[......O.*uy§.........
##)..........Quuuy........y.
#..........@u..u.y....####.>
#...........uuu####.#.p..#:.
#...........cB..........y...
#.....>......l.##.########..
#......(......(##.# #..
##................# ##..
##............#### ###...
######.......# ####.....
#.......... ......#..


You could see a boulder beetle, 10 ugly things, 2 centaur warriors, a two-headed
ogre, a basilisk, a tengu conjurer, 3 meliai and a battlesphere (distracted).

Vanquished Creatures
  Gastronok (Lair:2)
  Kirke (D:12)
  Snorg (Lair:3)
  2 hydras
  6 vault guards (D:13)
  2 boulder beetles
  A catoblepas (D:13)
  4 two-headed ogres
  A tengu warrior (D:14)
  6 centaur warriors
  Urug (D:12)
  Nergalle (Lair:2)
  Pikel (D:6)
  3 ugly things
  A manticore (D:13)
  4 elephants (Lair:3)
  A black mamba (Lair:2)
  A gargoyle (D:12)
  4 rime drakes
  3 unseen horror zombies (D:9)
  5 cane toads
  A torpor snail (Lair:1)
  5 komodo dragons
  Psyche (D:10)
  3 unseen horrors
  A kobold demonologist (D:8)
  A meliai (D:11)
  A polar bear (Lair:2)
  5 trolls
  A hornet (D:9)
  The ghost of rayz the Magician, an amateur DjFE of Lugonu (D:3)
  2 water elementals (D:12)
  3 slime creatures
  2 shadows
  5 wyverns
  3 wraiths
  2 hogs (D:12)
  3 basilisks
  29 yaks
  2 redbacks (Lair:2)
  The ghost of wer000g the Skirmisher, an amateur GnHu of Hepliaklqana (D:4)
  5 vampire mosquitoes
  A swamp worm (Lair:2)
  5 acid dragons
  6 water moccasins
  5 orc warriors
  A sky beast (D:6)
  7 ice beasts
  A black bear (Lair:2)
  5 wolves
  2 phantoms
  2 centaurs
  13 kobold brigands (D:8)
  11 bullfrogs
  2 scorpions (D:7)
  3 gnoll sergeants
  5 water moccasin zombies (Ossuary)
  13 wights
  4 killer bees (D:7)
  5 howler monkeys
  2 jellies
  11 electric eels
  4 centaur zombies (D:9)
  7 orc priests
  3 hounds
  A gnoll bouda (D:5)
  5 iguanas
  2 sleepcaps
  7 orc wizards
  A killer bee zombie (D:9)
  2 mummies (Ossuary)
  4 howler monkey zombies (D:9)
  24 gnolls
  9 adders
  A shadow imp (D:5)
  A white imp (D:7)
  An ufetubus (D:7)
  4 adder zombies (Ossuary)
  2 worms (D:2)
  2 dart slugs
  31 orcs
  8 endoplasms
  4 giant cockroaches
  2 gnoll zombies (Ossuary)
  5 goblins
  7 hobgoblins
  3 ball pythons
  8 bats
  3 frilled lizards (D:3)
  6 hobgoblin zombies (Ossuary)
  10 kobolds
  6 kobold zombies (Ossuary)
  6 orc zombies (Ossuary)
  5 rats
415 creatures vanquished.

Vanquished Creatures (collateral kills)
  Frances (D:13)
  2 hydras
  2 vault guards (D:13)
  A two-headed ogre (D:11)
  An elephant (Lair:3)
  A torpor snail (Lair:3)
  A komodo dragon (Lair:2)
  3 yaks (D:12)
  2 electric eels (Lair:2)
  An orc wizard (D:11)
  2 orcs (D:11)
  A butterfly (Lair:3)
18 creatures vanquished.

Vanquished Creatures (others)
  An orc wizard (D:12)
1 creature vanquished.

Grand Total: 434 creatures vanquished

Notes
Turn   | Place    | Note
-------+----------+-------------------------------------------
     0 | D:1      | HOAXBANE the Minotaur Monk began the quest for the Orb.
     0 | D:1      | Reached XP level 1. HP: 19/19 MP: 0/0
   332 | D:1      | Reached skill level 4 in Fighting
   368 | D:1      | Reached XP level 2. HP: 27/27 MP: 1/1
   861 | D:2      | Reached XP level 3. HP: 33/33 MP: 2/2
  1263 | D:2      | Found a faded altar of an unknown god.
  1486 | D:3      | Reached XP level 4. HP: 41/41 MP: 3/3
  1550 | D:3      | Found a runed translucent door.
  1553 | D:3      | Noticed rayz's ghost (amateur DjFE)
  1590 | D:3      | Found Oruengeadd's Distillery.
  1621 | D:3      | Bought a potion of curing for 42 gold pieces
  1711 | D:3      | Identified the +5 ring mail of Eternal Vigilance {rN+}
  1770 | D:3      | Reached skill level 5 in Fighting
  2089 | D:4      | Found a runed translucent door.
  2089 | D:4      | Noticed wer000g's ghost (amateur GnHu)
  2103 | D:4      | Reached skill level 5 in Unarmed Combat
  2106 | D:4      | Reached XP level 5. HP: 42/48 MP: 4/4
  2159 | D:4      | Noticed a phantom
  2168 | D:4      | Killed a phantom
  2169 | D:4      | Reached skill level 6 in Fighting
  2244 | D:4      | Reached XP level 6. HP: 57/57 MP: 5/5
  3277 | D:5      | Entered Level 5 of the Dungeon
  3321 | D:5      | Reached skill level 5 in Dodging
  3379 | D:5      | Found a sand-covered staircase.
  3391 | Ossuary  | Entered an ossuary
  3456 | Ossuary  | Reached XP level 7. HP: 56/63 MP: 6/6
  3509 | Ossuary  | Reached skill level 1 in Armour
  4080 | D:5      | Reached skill level 5 in Armour
  4167 | D:5      | Found an opulent altar of Gozag.
  4168 | D:5      | Found a burning altar of Makhleb.
  4175 | D:5      | Became a worshipper of Makhleb the Destroyer
  4175 | D:5      | Reached * piety under Makhleb
  4175 | D:5      | Reached ** piety under Makhleb
  4392 | D:6      | Reached XP level 8. HP: 70/70 MP: 7/7
  4434 | D:6      | Noticed Pikel
  4467 | D:6      | Killed Pikel
  4626 | D:6      | Reached skill level 10 in Armour
  4647 | D:6      | Reached XP level 9. HP: 50/75 MP: 8/8
  5841 | D:7      | Found a staircase to the Ecumenical Temple.
  5878 | D:7      | Identified the +4 chain mail "Zaivvouf" {Str+5}
  6173 | D:7      | Reached skill level 7 in Fighting
  6236 | D:7      | Identified the staff of fire "Vareeda" {rF+ Dex+3 SInv}
  6361 | D:7      | Reached skill level 8 in Fighting
  6618 | D:8      | Reached *** piety under Makhleb
  6630 | D:8      | Reached skill level 9 in Fighting
  6642 | D:8      | Noticed a rime drake
  6657 | D:8      | Killed a rime drake
  6658 | D:8      | Reached XP level 10. HP: 36/92 MP: 9/9
  6677 | D:7      | Reached skill level 10 in Fighting
  6886 | D:8      | Found a shimmering blue altar of Sif Muna.
  6927 | D:8      | Reached skill level 1 in Invocations
  7236 | D:8      | Reached skill level 11 in Fighting
  7401 | D:8      | Reached **** piety under Makhleb
  7436 | D:8      | Found a staircase to the Lair.
  7453 | D:8      | Reached skill level 5 in Invocations
  7772 | D:3      | Killed rayz's ghost
  7846 | D:4      | Killed wer000g's ghost
  8119 | D:8      | Found Gamaut's Elemental Accessories.
  8511 | D:9      | Found a shadowy altar of Dithmenos.
  8575 | D:9      | Found a sacrificial altar of Ru.
  8668 | D:9      | Reached XP level 11. HP: 95/102 MP: 14/14
  8739 | D:9      | Reached ***** piety under Makhleb
  8752 | D:9      | Reached skill level 10 in Unarmed Combat
  8873 | D:9      | Found a shadowy altar of Dithmenos.
  9316 | D:9      | Found a sacrificial altar of Ru.
  9394 | D:10     | Entered Level 10 of the Dungeon
  9395 | D:10     | Noticed Psyche
  9401 | D:10     | Killed Psyche
  9456 | D:10     | Found a white marble altar of Elyvilon.
  9462 | D:10     | Found a hazy altar of Hepliaklqana.
  9465 | D:10     | Found a stormy altar of Qazlal.
  9466 | D:10     | Found a blossoming altar of Fedhas.
  9477 | D:10     | Found an iron altar of Okawaru.
  9541 | D:10     | Noticed a two-headed ogre
  9546 | D:10     | Noticed a two-headed ogre
  9549 | D:10     | Killed a two-headed ogre
  9561 | D:10     | Killed a two-headed ogre
  9782 | D:10     | Found a glowing golden altar of the Shining One.
  9784 | D:10     | Found a shimmering altar of Xom.
  9784 | D:10     | Found a sparkling altar of Nemelex Xobeh.
  9786 | D:10     | Found a shimmering altar of Xom.
  9786 | D:10     | Found a shimmering altar of Xom.
  9786 | D:10     | Found an ancient bone altar of Kikubaaqudgha.
 10490 | D:11     | Found a staircase to the Orcish Mines.
 10490 | D:11     | Noticed a purple ugly thing
 10508 | D:11     | Killed a purple ugly thing
 10577 | D:11     | Noticed a two-headed ogre
 10587 | D:11     | Killed a two-headed ogre
 10611 | D:11     | Noticed a two-headed ogre
 10621 | D:11     | Killed a two-headed ogre
 10690 | D:10     | Noticed a two-headed ogre
 10697 | D:10     | Killed a two-headed ogre
 10821 | D:11     | Found Ineutin's Antique Armour Shop.
 10825 | D:11     | Bought a pair of glowing boots for 210 gold pieces
 10832 | D:11     | Bought a bronze scale mail for 252 gold pieces
 10832 | D:11     | Identified the +0 scale mail of Marbles {Rampage SInv} (You
                  | bought it in a shop on level 11 of the Dungeon)
 11027 | D:11     | Reached skill level 1 in Shields
 11092 | D:11     | Found a large runed translucent door.
 11092 | D:11     | Found a large runed translucent door.
 11137 | D:11     | Found a large runed translucent door.
 11137 | D:11     | Found a large runed translucent door.
 11165 | D:11     | Noticed a centaur warrior
 11180 | D:11     | Killed a centaur warrior
 11542 | D:11     | Reached XP level 12. HP: 110/110 MP: 17/17
 11987 | Lair:1   | Entered Level 1 of the Lair of Beasts
 12004 | Lair:1   | Reached skill level 5 in Shields
 12338 | Lair:1   | You fall into a shaft and drop 1 floor!
 12797 | Lair:1   | Reached skill level 10 in Invocations
 12850 | Lair:2   | Found a hole to the Spider Nest.
 13016 | Lair:2   | Noticed a boulder beetle
 13048 | Lair:2   | Killed a boulder beetle
 13206 | Lair:2   | Noticed Nergalle
 13219 | Lair:2   | Killed Nergalle
 13474 | Lair:2   | Noticed a six-headed hydra
 13483 | Lair:2   | Killed a six-headed hydra
 13484 | Lair:2   | Reached skill level 12 in Fighting
 13507 | Lair:2   | Noticed an eight-headed hydra
 13515 | Lair:2   | Killed an eight-headed hydra
 13539 | Lair:2   | Found a staircase to the Swamp.
 13629 | Lair:2   | Noticed Gastronok
 13643 | Lair:2   | Killed Gastronok
 13644 | Lair:2   | Reached skill level 13 in Fighting
 13861 | Lair:3   | Noticed Snorg
 13886 | Lair:3   | Reached XP level 13. HP: 123/123 MP: 20/20
 13915 | Lair:3   | Reached skill level 14 in Fighting
 13919 | Lair:3   | Killed Snorg
 14184 | Lair:3   | Found a runed translucent door.
 14313 | Lair:3   | Reached skill level 15 in Fighting
 14428 | Lair:3   | Identified the +1 war axe "Juinnuvosa" {holy, Str+6}
 15201 | D:12     | Found Gomaecs's Assorted Antiques.
 15775 | D:12     | Noticed Kirke
 15997 | D:12     | Noticed Urug
 16007 | D:12     | Killed Urug
 16323 | D:12     | Killed Kirke
 16486 | D:12     | Identified the +1 leather armour "Wafunatu" {Dex+3}
 17504 | D:13     | Noticed Frances
 17510 | D:13     | Reached skill level 10 in Dodging
 17524 | D:13     | Killed Frances
 17759 | D:13     | Reached XP level 14. HP: 130/135 MP: 21/21
 17772 | D:13     | Found a gate to the Vaults.
 18543 | D:14     | HP: 3/135 [cyan ugly thing (8)]
 18543 | D:14     | Mangled by a cyan ugly thing

Illustrated notes

Levels and vault maps discovered:
D:1:      matt_arrival_diagonals, layout_loops_ring, minmay_liquid_box
D:2:      layout_loops_ring, dreamdust_ecumenical_altar_sealed_demon,
          minmay_split_cup_large
D:3:      layout_rooms, ebering_ghost_inner_flame, serial_shops,
          nicolae_diamond_shop, chequers_serial_rivers_micro_d,
          hangedman_decor_clover_reticule, st_stairs_4
D:4:      layout_basic, gammafunk_ghost_grave
D:5:      layout_loops_corners, amethyst_overflow_temple_binary, enter_ossuary_1
D:6:      layout_gridville, hangedman_minor_gate_pass, uniq_pikel
D:7:      layout_loops_ring, minmay_temple_entry_slanted
D:8:      layout_rooms, nicolae_overflow_crystal_walls, hellmonk_lair_entry_icy,
          special_room [special_room_kobold], nicolae_elemental_shop
D:9:      layout_roguey, nicolae_ru_the_path_less_chosen, grunt_dithmenos_smoke,
          serial_undead, serial_undead_d, serial_undead_a, serial_undead_f,
          serial_undead_a, feat_on_display
D:10:     layout_roguey, doesnt_xom_only_xom, minitemple, uniq_psyche
D:11:     layout_basic, orc_0_dummy, serial_shops, kennysheep_mini,
          minmay_hollow_rounded_squares
D:12:     layout_basic, serial_shops, shop, uniq_kirke, uniq_urug
D:13:     layout_roguey, erik_vaults_2, uniq_frances
D:14:     gammafunk_worm_tunnel, layout_rooms, kiku_gazebo_pond_becter
Lair:1:   layout_gridlike, serial_rivers, chequers_serial_rivers_micro_b,
          chequers_serial_rivers_micro_c, chequers_serial_rivers_large_a,
          chequers_serial_rivers_room_b, chequers_serial_rivers_room_b,
          infiniplex_staircase_pool_2, grunt_megastairs_3
Lair:2:   layout_gridlike, palyth_hydra_swamp_entry, spider_nest_entry_webs,
          wad_woods_road_05, grunt_megastairs_4, serial_bayou_shore_b,
          infiniplex_staircase_pool, uniq_gastronok, uniq_nergalle
Lair:3:   layout_long_grid, serial_bayou_pond_a, nicolae_quartered_pool_impasse,
          pf_torpor_hydra, lemuel_fruit_fields, uniq_snorg

Skill      XL: |  1  2  3  4  5  6  7  8  9 10 11 12 13 14 |
---------------+-------------------------------------------+-----
Fighting       | 4 5 6 9 11 13 15 | 15.0
Unarmed Combat | 4 5 6 7 9 12 13 | 13.0
Dodging        | 5 6 8 10 12 | 12.0
Armour         | 6 10 | 10.1
Invocations    | 6 9 11 | 11.3
Shields        | 3 6 9 |  9.0

Action                     |  1- 3 |  4- 6 |  7- 9 | 10-12 | 13-15 || total
---------------------------+-------+-------+-------+-------+-------++-------
  Melee: Unarmed           |    81 |   143 |   267 |   517 |   375 ||  1383
         Headbutt          |    14 |    22 |    67 |   140 |   113 ||   356
  Throw: Dart              |       |       |     5 |    32 |       ||    37
         Throwing net      |       |       |       |     1 |       ||     1
 Invoke: Minor Destruction |       |       |       |    81 |    36 ||   117
         Major Destruction |       |       |       |     1 |     1 ||     2
         Lesser Servant of |       |       |       |     6 |    16 ||    22
  Evoke: Wand              |       |       |     3 |     2 |     3 ||     8
         Piece from Xom's  |       |       |     1 |       |       ||     1
         Condenser vane    |       |       |       |       |     1 ||     1
    Use: Scroll            |       |     7 |     8 |     4 |     8 ||    27
         Potion            |       |       |     2 |     1 |     5 ||     8
   Stab: Invisible         |       |       |       |     1 |       ||     1
         Distracted        |       |       |       |     3 |     5 ||     8
 Armour: Scale mail        |    21 |     3 |       |       |       ||    24
         Ring mail         |       |    39 |    85 |    60 |       ||   184
         Chain mail        |       |       |       |   167 |   157 ||   324
  Dodge: Dodged            |    34 |    62 |   134 |   249 |   162 ||   641
  Block: Kite shield       |       |       |       |    85 |   184 ||   269
